 Dungeon Crawl Stone Soup version 0.27-a0-1384-g1422d76b99 (webtiles) character file.

Game seed: 18323171859260587255

184 dickylongcocking the Skirmisher (level 5, 0/40 HPs)
             Began as a Djinni Wanderer on July 1, 2021.
             Slain by a rat (3 damage)
             ... in a sewer.
             The game lasted 00:02:56 (4046 turns).

dickylongcocking the Skirmisher (Djinni Wanderer)   Turns: 4046, Time: 00:02:57

Health: 0/40       AC:  7    Str: 12    XL:     5   Next: 95%
Gold:   125        EV:  9    Int: 12    God:
                   SH:  0    Dex: 14

rFire    + + .     SeeInvis .     - Unarmed
rCold    x . .     Faith    .   (no shield)
rNeg     . . .     Spirit   .   g - +0 scale mail
rPois    ∞         Reflect  .   (no helmet)
rElec    .         Harm     .   (no cloak)
rCorr    .         Rampage  .   e - +0 pair of gloves
Will     .....                  (boots unavailable)
Stlth    ..........             (no amulet)
HPRegen  0.13/turn              (no ring)
MPRegen  0.00/turn              (no ring)

@: flying
A: sickness immunity, fire resistance 2, cold vulnerability 1, float, innate
caster, hp casting, extra vitality 1
a: no special abilities


You were in a sewer.
You visited 1 branch of the dungeon, and saw 3 of its levels.
You also visited: Sewer.

You collected 125 gold pieces.

Inventory:

Hand Weapons
 a - a +0 dagger
Armour
 b - a +0 robe
 e - a +0 pair of gloves (worn)
 g - a +0 scale mail (worn)
Jewellery
 i - a ring of ice
Wands
 k - a wand of iceblast (6)
 o - a wand of acid (8)
Scrolls
 c - a scroll of identify {unknown}
 d - a scroll of blinking {unknown}
 f - a scroll of amnesia {unknown}
 h - a scroll of fear {unknown}
 l - a scroll of acquirement {unknown}
Potions
 j - a potion of lignification
 m - 3 potions of brilliance {unknown}
 n - a potion of heal wounds


   Skills:
 - Level 3.2 Fighting
 - Level 1.5 Crossbows
 * Level 2.7 Armour
 - Level 1.1 Dodging
 - Level 1.0 Stealth
 * Level 3.2 Unarmed Combat
 * Level 1.9 Spellcasting
 - Level 1.0 Evocations


You couldn't memorise any spells.
You knew the following spells:

 Your Spells              Type           Power      Damage    Failure   Level
a - Sting                 Tmut/Pois      20%        1d4       52%         1
b - Apportation           Tloc           10%        N/A       52%         1
c - Gell's Gravitas       Tloc           2%         N/A       88%         3
d - Mephitic Cloud        Conj/Pois/Air  5%         N/A       88%         3
e - Magic Dart            Conj           20%        1d4       52%         1
f - Ensorcelled Hibernat  Hex/Ice        10%        N/A       67%         2

Your spell library contained the following spells:

 Spells                   Type           Power      Damage    Failure   Level


Dungeon Overview and Level Annotations

Branches:
Dungeon (3/15)              Sewer (1/1)

Altars:


Innate Abilities, Weirdness & Mutations

You are immune to sickness and miasma.
You are immune to poison.
Your flesh is very heat resistant. (rF++)
You are vulnerable to cold. (rC-)
You float through the air rather than walking.
You learn spells naturally, not from books.
Your magical power is your life essence.
You have superior vitality. (+4 HP)


Message History

The river rat bites you but does no damage.
The rat bites you but does no damage. The river rat barely misses you.
The rat barely misses you.
You hit the river rat.
The river rat is moderately wounded.
The river rat barely misses you. The rat bites you.
The river rat barely misses you. The rat bites you but does no damage.
You hit the river rat.
The river rat is heavily wounded.
The river rat bites you. The rat bites you but does no damage.
The river rat barely misses you. The rat bites you but does no damage.
You hit the river rat.
The river rat is almost dead.
The river rat bites you. The rat barely misses you. The river rat bites you!
* * * LOW HITPOINT WARNING * * *
The rat bites you but does no damage.
You hit the river rat but do no damage.
The river rat is moderately wounded.
The river rat closely misses you. The rat bites you but does no damage.
The river rat barely misses you. The rat closely misses you.
You barely miss the river rat.
The river rat is moderately wounded.
The river rat bites you but does no damage.
The rat closely misses you. The river rat bites you.
* * * LOW HITPOINT WARNING * * *
The rat bites you but does no damage.
Unknown command.
A ball python comes into view.
The ball python hisses angrily.
A ball python comes into view.
The ball python hisses angrily.
You hear an angry hiss.
A ball python comes into view.
A rat comes into view.
The rat twitches its whiskers.
A river rat comes into view.
The ball python barely misses you. The ball python closely misses you.
You closely miss the ball python. The river rat bites you.
* * * LOW HITPOINT WARNING * * *
The rat bites you.
You die...

.. ##.....rr#
..##........##
.............##..
≈≈≈≈≈...S.....≈≈≈≈
≈≈≈≈≈≈≈≈≈S≈≈≈≈≈≈≈≈≈
≈≈≈≈≈≈≈≈≈≈≈≈≈≈≈≈≈≈≈≈
≈≈≈≈≈≈S≈r≈≈≈≈≈≈≈≈≈≈≈
≈≈≈≈≈≈≈@r≈≈≈≈≈≈≈≈≈≈≈
≈≈≈≈≈≈≈rr...≈≈≈≈≈≈≈≈
≈≈≈≈≈≈........≈≈≈≈≈≈
..................≈≈
....................
##..................
##.......##........
#...##..#####......
∩..## ##..### ##...#


You could see 3 river rats, 3 ball pythons and 3 rats.

Vanquished Creatures
  Natasha (thrice) (D:2)
  3 adders
  4 worms
  7 dart slugs
  4 endoplasms
  A giant cockroach (D:2)
  5 goblins
  4 hobgoblins
  2 jackals (D:1)
  9 kobolds
  4 quokkas
  5 ball pythons
  3 bats
  A frilled lizard (D:2)
  3 rats (D:2)
58 creatures vanquished.

Notes
Turn   | Place    | Note
-------+----------+-------------------------------------------
     0 | D:1      | dickylongcocking the Djinni Wanderer began the quest for
                  | the Orb.
     0 | D:1      | Reached XP level 1. HP: 17/17 MP: 0/0
   421 | D:1      | Reached XP level 2. HP: 23/23 MP: 0/0
  1009 | D:1      | Reached XP level 3. HP: 18/29 MP: 0/0
  1009 | D:1      | Learned a level 1 spell: Magic Dart
  2496 | D:2      | Reached XP level 4. HP: 21/35 MP: 0/0
  2751 | D:2      | Noticed Natasha
  2765 | D:2      | Killed Natasha
  2766 | D:2      | Reached skill level 1 in Spellcasting
  3121 | D:2      | Noticed Natasha
  3133 | D:2      | Killed Natasha
  3134 | D:2      | Reached XP level 5. HP: 40/40 MP: 0/0
  3134 | D:2      | Learned a level 2 spell: Ensorcelled Hibernation
  3213 | D:2      | Noticed Natasha
  3239 | D:2      | Killed Natasha
  3899 | D:3      | Found a glowing drain.
  4016 | Sewer    | Entered a sewer
  4046 | Sewer    | Slain by a rat

Illustrated notes

Levels and vault maps discovered:
D:1:      dpeg_arrival_tiny_e, layout_basic
D:2:      layout_rooms, uniq_natasha
D:3:      layout_basic, portal_sewer_entry_d
Sewer:    sewer_minmay_treatment

Skill      XL: |  1  2  3  4 |
---------------+-------------+-----
Fighting       | 2 3 |  3.2
Spellcasting   | 1 |  1.9
Armour         | 2 |  2.7
Crossbows      | |  1.5
Dodging        | |  1.1
Stealth        | |  1.0
Unarmed Combat | |  3.2
Evocations     | |  1.0

Action                   |  1- 3 |  4- 6 || total
-------------------------+-------+-------++-------
Melee: Unarmed           |   132 |   175 ||   307
       Dagger            |     2 |       ||     2
       Punch             |     3 |       ||     3
 Cast: Sting             |     5 |       ||     5
  Use: Potion            |     1 |     3 ||     4
 Stab: Sleeping          |     3 |       ||     3
Armor: Robe              |     9 |       ||     9
       Scale mail        |    34 |    85 ||   119
       Skin              |       |     1 ||     1
Dodge: Dodged            |    72 |    78 ||   150

Table legend: (Time is in decaauts)
 A = Elapsed time spent in this place.
 B = Non-inter-level travel time spent in this place.
 C = Inter-level travel time spent in this place.
 D = Time resting spent in this place.
 E = Time spent auto-exploring this place.
 F = Levels seen in this place.
 G = Mean time per level.
                   A        B        C        D        E       F      G
               +--------+--------+--------+--------+--------+-----+--------+
         Total |   4086 |   3961 |    125 |    506 |   2832 |   4 | 1021.5 |
       Dungeon |   4057 |   3932 |    125 |    506 |   2825 |   3 | 1352.3 |
         Sewer |     29 |     29 |      0 |      0 |      7 |   1 |   29.0 |
               +--------+--------+--------+--------+--------+-----+--------+

Top non-repeatable levels by time:
     D:1: 1776 daAuts
     D:2: 1717 daAuts
     D:3: 562 daAuts
   Sewer: 29 daAuts
